 Dungeon Crawl Stone Soup version 0.29-a0-231-g945431f764 (webtiles) character file.

Game seed: 4918243112003688309

8 geirr the Skirmisher (level 2, 24/24 HPs)
             Began as a Demonspawn Cinder Acolyte on Feb 28, 2022.
             Was a High Priest of Ignis.
             Quit the game on level 1 of the Dungeon.
             The game lasted 00:00:27 (377 turns).

geirr the Skirmisher (Demonspawn Cinder Acolyte)     Turns: 377, Time: 00:00:28

Health: 24/24      AC:  2    Str: 14    XL:     2   Next: 0%
Magic:  3/3        EV: 11    Int: 15    God:    Ignis [*****.]
Gold:   13         SH:  0    Dex:  8    Spells: 3/3 levels left

rFire   + . .      SeeInvis .   a - -1 falchion (flame)
rCold   . . .      Faith    .   (no shield)
rNeg    . . .      Spirit   .   b - +0 robe
rPois   .          Reflect  .   (helmet restricted)
rElec   .          Harm     .   (no cloak)
rCorr   .          Rampage  .   (no gloves)
Will    .....                   (no boots)
Stlth   +.........              (no amulet)
HPRegen 0.08/turn               (no ring)
MPRegen 0.08/turn               (no ring)

@: no status effects
A: antennae 1
a: Renounce Religion, Fiery Armour, Foxfire Swarm, Rising Flame


You were on level 1 of the Dungeon.
You worshipped Ignis.
Ignis was extremely pleased with you.
You visited 1 branch of the dungeon, and saw 1 of its levels.

You collected 13 gold pieces.

Inventory:

Hand Weapons
 a - a -1 falchion of flaming (weapon)
Armour
 b - a +0 robe (worn)


   Skills:
 + Level 3.1 Fighting
 + Level 2.8 Long Blades
 + Level 1.2 Spellcasting
 + Level 2.8 Fire Magic


You had 3 spell levels left.
You didn't know any spells.
Your spell library contained the following spells:

 Spells                   Type           Power      Damage    Failure   Level
 Scorch                   Fire           18%        2d5       11%         2


Dungeon Overview and Level Annotations

Branches:
Dungeon (1/15)

Altars:


Innate Abilities, Weirdness & Mutations

You have a pair of small antennae on your head.


Message History

The frilled lizard closely misses you.
You hit the frilled lizard. You burn the frilled lizard.
You kill the frilled lizard!
You miss the bat. The bat hits you but does no damage.
The bat hits you but does no damage.
You closely miss the bat. The bat hits you but does no damage.
The bat hits you but does no damage. The bat hits you but does no damage.
You barely miss the bat. The bat misses you.
You miss the bat. The bat misses you. The bat hits you but does no damage.
You closely miss the bat. The bat barely misses you.
Found 8 gold pieces.
The bat hits you. The bat hits you. The bat hits you.
The bat hits you but does no damage.
Found 13 gold pieces.
The bat hits you but does no damage.
You miss the bat. The bat barely misses you.
The bat hits you but does no damage. The bat hits you but does no damage.
You completely miss the bat. The bat closely misses you.
You barely miss the bat. The bat barely misses you. x2
You closely miss the bat. The bat closely misses you.
The bat closely misses you.
The bat is sucked into a shaft!
The shaft crumbles and collapses.
No target in view!
No target in view!
No target in view!
No target in view!
HP restored.
Found a hand axe.
You now have 13 gold pieces.
A rat comes into view.
A rat is nearby!
The rat bites you.
You slash the rat! You burn the rat.
You kill the rat!
You have reached level 2!
Your demonic ancestry asserts itself...
A pair of antennae grows on your head!
Are you sure you want to abandon this character and quit the game? (Confirm with "yes".)

....####.##########
.........#.........#
#.....#............#
##.....#.##.........###
#........##)..........#
#........##.........#.)
#......................
#..................#..
.#@............#
#.$...........#
#####.........#
#.........# ##.......##
##.....## #######


There were no monsters in sight!

Vanquished Creatures
  2 endoplasms (D:1)
  A giant cockroach (D:1)
  A goblin (D:1)
  A quokka (D:1)
  A frilled lizard (D:1)
  A rat (D:1)
7 creatures vanquished.

Notes
Turn   | Place    | Note
-------+----------+-------------------------------------------
     0 | D:1      | geirr the Demonspawn Cinder Acolyte began the quest for the
                  | Orb.
     0 | D:1      | Reached XP level 1. HP: 18/18 MP: 2/2
   377 | D:1      | Gained mutation: You have a pair of small antennae on your
                  | head. [demonic ancestry]
   377 | D:1      | Reached XP level 2. HP: 24/24 MP: 3/3
   377 | D:1      | Quit the game

Illustrated notes

Levels and vault maps discovered:
D:1:      psy_arrival_conway, layout_rooms

Action                   || total
-------------------------++-------
Melee: Falchion          ||    29
Armor: Robe              ||    14
Dodge: Dodged            ||    16

Table legend: (Time is in decaauts)
 A = Elapsed time spent in this place.
 B = Non-inter-level travel time spent in this place.
 C = Inter-level travel time spent in this place.
 D = Time resting spent in this place.
 E = Time spent auto-exploring this place.
 F = Levels seen in this place.
 G = Mean time per level.
                   A        B        C        D        E       F      G
               +--------+--------+--------+--------+--------+-----+--------+
         Total |    383 |    383 |      0 |    112 |    196 |   1 |  383.0 |
       Dungeon |    383 |    383 |      0 |    112 |    196 |   1 |  383.0 |
               +--------+--------+--------+--------+--------+-----+--------+

Top non-repeatable levels by time:
     D:1: 383 daAuts
